 Dungeon Crawl Stone Soup version 0.31.0-32-g396128a36d (webtiles) character file.

Game seed: 667724205863764679

38 mainiacjoe the Charlatan (level 3, -2/28 HPs)
             Began as a Minotaur Artificer on Mar 31, 2024.
             Slain by a goblin
             ... wielding a +0 club
             ... led by Robin
              (3 damage)
             ... on level 2 of the Dungeon.
             The game lasted 00:02:49 (732 turns).

mainiacjoe the Charlatan (Minotaur Artificer)        Turns: 732, Time: 00:02:49

Health: -2/28      AC:  3    Str: 16    XL:     3   Next: 25%
Magic:  2/2        EV: 11    Int:  8    God:
Gold:   43         SH:  0    Dex: 12    Spells: 2/2 levels left

rFire   . . .        a - +0 sling
rCold   . . .        (no shield)
rNeg    . . .        q - +0 leather armour
rPois   .            (helmet restricted)
rElec   .            (no cloak)
rCorr   .            (no gloves)
SInv    .            (no boots)
Will    .....        (no amulet)
Stlth   +            (no ring)
HPRegen 0.24/turn    (no ring)
MPRegen 0.08/turn

%: no passive effects
@: no status effects
A: horns 2, retaliatory headbutt
a: no special abilities


You were on level 2 of the Dungeon.
You visited 1 branch of the dungeon, and saw 2 of its levels.

You collected 43 gold pieces.

Inventory:

Hand Weapons
 a - a +0 sling (weapon)
 b - a +0 mace
 f - a +0 club
Missiles
 j - 17 stones
 l - 6 darts of dispersal {=F}
 t - 2 throwing nets {=F}
Armour
 q - a +0 leather armour (worn)
Wands
 c - a wand of flame (14)
 d - a wand of charming (15)
 e - a wand of iceblast (5)
Scrolls
 i - 2 scrolls of teleportation {unknown}
 k - 2 scrolls of fog {unknown}
 m - a scroll of blinking {unknown}
 n - a scroll of immolation {unknown}
 p - a scroll of revelation {unknown}
 r - 4 scrolls of identify {unknown}
 s - a scroll of fear {unknown}
Potions
 g - 2 potions of curing {unknown}
 h - a potion of haste {unknown}
 o - a potion of attraction {unknown}


   Skills:
 - Level 1.2 Fighting
 + Level 1.5 Ranged Weapons
 - Level 2.4 Armour
 - Level 1.1 Dodging
 - Level 0.7 Stealth
 + Level 3.6 Evocations


You had 2 spell levels left.
You didn't know any spells.
Your spell library contained the following spells:

 Spells                   Type           Power      Damage    Failure   Level
 Necrotise                Necr           0%         1d4       45%         1
 Vampiric Draining        Necr           0%         2d6       83%         3
 Martyr's Knell           Necr/Summ      0%         N/A       99%         4
 Curse of Agony           Necr           0%         N/A       100%        5


Dungeon Overview and Level Annotations

Branches:
Dungeon (2/15)

Altars:

Annotations:
D:2 Robin


Innate Abilities, Weirdness & Mutations

You have a pair of horns on your head.
You reflexively headbutt those who attack you in melee.


Message History

You shoot a sling bullet. The sling bullet hits the goblin.
You kill the goblin!
The goblin barely misses you. You furiously retaliate!
You headbutt the goblin.
You kill the goblin!
Robin closely misses you.
A goblin comes into view. It is wielding a +0 club.
Robin's horned helmet rattles.
Robin throws the goblin at you!
Things that are here:
a +0 club; a goblin corpse The goblin attacks as it pursues you!
The goblin barely misses you. You furiously retaliate!
You headbutt the goblin!
You kill the goblin!
Robin roars a battlecry!
The goblin goes into a battle-frenzy!
Robin flexes a bicep menacingly.
You shoot a sling bullet.
The sling bullet closely misses the goblin.
You shoot a sling bullet.
The sling bullet closely misses the goblin.
The goblin hits you with a +0 club.
You shoot a sling bullet. The sling bullet hits the goblin.
The goblin is moderately wounded.
The goblin hits you with a +0 club. Robin throws the goblin at you!
You are too injured to fight recklessly!
You are too injured to fight recklessly!
You are too injured to fight recklessly!
Unknown command.
You shoot a sling bullet.
The sling bullet closely misses the goblin.
The goblin closely misses you.
Robin hits you from afar with a +0 trident!
* * * LOW HITPOINT WARNING * * *
The goblin hits you but does no damage.
You shoot a sling bullet.
The sling bullet closely misses the goblin.
Robin hits you from afar with a +0 trident.
* * * LOW HITPOINT WARNING * * *
The goblin hits you with a +0 club.
You die...

#...###...g...#
#...#.#######.#
####...#.# #.#
...#...#.# #.#
.#.#...#.### #.#
.#.†<..#...#####.#
.#.#.#.#.#....##g#
.......#.#.##.##.#
##.###)#...##.##@#
#.###.........#g#
#.........##....#
############.#####
#.....# #######


You could see Robin and a goblin (strong).

Vanquished Creatures
  5 ball pythons
  2 endoplasms (D:1)
  A giant cockroach (D:1)
  10 goblins
  5 hobgoblins
  2 kobolds (D:1)
  A quokka (D:1)
  A bat (D:1)
  3 frilled lizards
  A rat (D:1)
31 creatures vanquished.

Notes
Turn   | Place    | Note
-------+----------+-------------------------------------------
     0 | D:1      | mainiacjoe the Minotaur Artificer began the quest for the
                  | Orb.
     0 | D:1      | Reached XP level 1. HP: 16/16 MP: 0/0
    37 | D:1      | Reached skill level 3 in Evocations
    88 | D:1      | Reached XP level 2. HP: 23/23 MP: 1/1
   279 | D:1      | Reached skill level 1 in Ranged Weapons
   502 | D:2      | Reached XP level 3. HP: 22/28 MP: 2/2
   665 | D:2      | Noticed Robin
   732 | D:2      | HP: 1/28 [Robin/+0 trident (6)]
   732 | D:2      | Slain by a goblin

Illustrated notes

Levels and vault maps discovered:
D:1:      lightli_iron_boxes, layout_rooms, grunt_decor_junction
D:2:      layout_basic, minmay_rat_gold_closets, uniq_robin, uniq_natasha

Skill      XL: |  1  2 |
---------------+-------+-----
Evocations     | 3 |  3.6
Ranged Weapons | 1 |  1.5
Fighting       | |  1.2
Armour         | |  2.4
Dodging        | |  1.1
Stealth        | |  0.7

Action                     || total
---------------------------++-------
  Melee: Club              ||     8
         Headbutt          ||     2
         Mace              ||     5
   Fire: Sling             ||    71
  Evoke: Wand              ||     1
 Armour: Leather armour    ||    39
  Dodge: Dodged            ||    38
